Unix NetHack Version 5.0.0-0 post-release - last build Jul 19 2026 19:10:59 (3aa4ab31751d3886436d94b585a96704892fd477,branch:main).

Game began 2026-07-18 00:06:55, ended 2026-07-20 18:33:29.

CheBegorr4h, neutral male human Tourist

                                          ---  -----
                                 --    ----.----...---------
                                 ..    |.....||..)...*.--..|----
                                 -.-   |.--..---....--.....--..|
                 -              --..-- |.||...---...|---.......|
                 .              -....| |.|--#......--  --......|
             ----.--             ....|--.| #-----.--    ---..---
             |.....              -...|...|      ---       |.--
             |.....--            |...|..-#               --.---
             |......|.--   ---- --.|.....---             |....----
              -...<*|..|   |..| |..|.......-             |.-.....-
              |. |..|-.|   |..| |.-%...--.....         ---^...-- ....
              -- |-.--.-----..| |...-..------          |@..#-.|  ---
                --............---..)....|              |...|#.|
                |.............).........#-             #-.--|.-
                -#................[......#             |..- |.
                 |.......=..............--             --.. --
                 |...............[|.....|               ----
                 --.--.----.|.--.---.|.--
                  ------  -------- -----
CheBegorr4h the Excursionist  St:15 Dx:10 Co:17 In:12 Wi:10 Ch:18  Neutral
Dlvl:3  $:313 HP:67(72) Pw:41(41) AC:-4 Xp:8 T:6488  FoodPois Burdened

Latest messages:
 The pick-axe named ok hits the dwarf.
 Your movements are now unencumbered.
 You hit the dwarf.
 You hit the dwarf.
 The dwarf strikes at your displaced image and misses you!
 You kill the dwarf!
 Your large cat eats a dwarf corpse.
 You swap places with your large cat.
 $ - 136 gold pieces (313 in total).
 You have a little trouble lifting a pick-axe named ok.  Continue? [ynq] (q) y
 You have a little trouble lifting e - a pick-axe named ok.
 There are many more objects here.
 Your movements are slowed slightly because of your load.
 What do you want to adjust? [a-gi-zA-Z or ?*] X
 Adjust letter to what [hX] (? see used letters)? e
 Swapping: e - a lock pick.
 You see here 6 crossbow bolts.
 You have a little trouble lifting h - a stethoscope.
 You see no objects here.
 What do you want to adjust? [a-zA-Z or ?*] h
 Adjust letter to what [h] (? see used letters)? S
 Swapping: S - a stethoscope.
 You are carrying too much to get through.
 You swap places with your little dog.
 The gnome throws a dart!
 A dart misses you.
 You kill the gnome!
 J - a +1 dagger named ok (weapon in right hand).
 Your little dog eats a gnome corpse.
 You kill the gecko!
 A bear trap closes on your foot!
 You are caught in a bear trap.
 You are caught in a bear trap.
 You are caught in a bear trap.
 You are caught in a bear trap.
 You are caught in a bear trap.
 You are caught in a bear trap.
 You are caught in a bear trap.
 You finally wriggle free.
 You are carrying too much to get through.
 You are carrying too much to get through.
 A little dart shoots out at you!
 You are almost hit by a little dart.
 Your knapsack cannot accommodate any more items.
 There is a dwarf corpse here; eat it? [ynq] (n) y
 Ulch - that meat was tainted!
 You feel deathly sick.
 (It must have died too long ago to be safe to eat.)
 Really quit without saving? [yn] (n) y
 Do you want your possessions identified? [ynq] (y) q

Inventory:
 Coins    ('$')
  $ - 313 gold pieces
 Weapons  (')')
  a - 5 +2 darts (at the ready)
  J - a +1 dagger named ok (weapon in right hand)
  L - a +0 elven dagger
 Armor    ('[')
  r - an uncursed +0 pair of leather gloves (being worn)
  o - an uncursed +0 pair of elven boots (being worn)
  m - an uncursed +0 elven shield (being worn)
  V - an uncursed +0 cloak of displacement (being worn)
  j - a blessed +4 Hawaiian shirt with a parrot motif (being worn)
  K - an uncursed +0 elven mithril-coat (being worn)
 Comestibles  ('%')
  b - 3 uncursed food rations
  n - an uncursed fortune cookie
  v - 2 uncursed lembas wafers
  W - an uncursed sprig of wolfsbane
 Scrolls  ('?')
  N - a blessed scroll of charging named ok
  B - an uncursed scroll of confuse monster
  x - an uncursed scroll of create monster
  h - an uncursed scroll of earth named ok
  E - a blessed scroll of enchant armor
  H - an uncursed scroll of enchant armor
  q - 2 uncursed scrolls of enchant weapon named ok
  i - 2 blessed scrolls of magic mapping
  O - an uncursed scroll of remove curse named ok
  l - an uncursed scroll of scare monster
  G - an uncursed scroll of scare monster
  A - a blessed scroll of teleportation named blessed
  I - an uncursed scroll of teleportation
 Potions  ('!')
  Y - an uncursed potion of acid
  Q - an uncursed potion of confusion
  g - 3 uncursed potions of extra healing
  s - 2 uncursed potions of healing
  z - a blessed potion of object detection
  C - 4 uncursed potions of object detection
  t - an uncursed potion of see invisible
  f - an uncursed potion of water named Unc
 Rings    ('=')
  d - an uncursed ring of cold resistance named ok
  Z - an uncursed ring of free action
  F - an uncursed ring of poison resistance named ok
  R - an uncursed ring of regeneration named ok
  U - an uncursed ring of shock resistance named ok
 Wands    ('/')
  u - a wand of cold (0:3)
  c - a wand of digging (0:7)
  P - a cursed wand of digging (0:7)
  y - a wand of light (0:8)
  T - a wand of magic missile (0:4)
  M - a wand of sleep (0:3)
  D - a wand of striking (0:2)
  w - a wand of teleportation (0:4)
 Tools    ('(')
  p - an uncursed brass lantern
  k - an expensive camera (0:79)
  e - an uncursed lock pick
  X - a +0 pick-axe named ok
  S - an uncursed stethoscope

CheBegorr4h the Tourist's attributes:

Background:
 You were an Excursionist, a level 8 male human Tourist.
 You were neutral, nominally on a mission for The Lady
 who was opposed by Blind Io (lawful) and Offler (chaotic).
 You were right-handed.
 You were in the Gnomish Mines, on level 3.
 You entered the dungeon 6488 turns ago.
 You had 2179 experience points, 381 more were needed to attain level 9.

Basics:
 You had 67 out of 72 hit points.
 You had all 41 energy points (spell power).
 Your armor class was -4.
 Your wallet contained 313 zorkmids.
 Autopickup was on for '$!/(' plus thrown, with exceptions.

Final Characteristics:
 Your strength was 15 (limit:18/100).
 Your dexterity was 10 (base:11, limit:18).
 Your constitution was 17 (limit:18).
 Your intelligence was 12 (limit:18).
 Your wisdom was 10 (limit:18).
 Your charisma was 18 (limit:18).

Final Status:
 You were terminally sick from food poisoning.
 You had a wounded left leg.
 You weren't hungry.
 You were burdened; movement was slightly slowed.
 You were wielding a dagger.
 You were skilled in dagger and could have enhanced that.

Final Attributes:
 You were piously aligned.
 You were fire resistant.
 You were displaced.
 You were stealthy.
 You were guarded.
 You were fast.
 You survived.

Miscellaneous:
 You didn't encounter any bones levels.
 Total elapsed playing time was 1 hour, 43 minutes and 49 seconds.

Major events:
 Turn
    1: CheBegorr4h the neutral male human Tourist entered the dungeon
  585: declined to make a wish
  976: attained the rank of Sightseer (level 3)
 2977: attained the rank of Excursionist (level 6)
 4617: entered Sokoban
 6319: entered the Gnomish Mines
 6488: quit

You didn't know any spells.

Skills:
 Fighting Skills
   bare handed combat [Unskilled]
   two weapon combat  [Unskilled]
   riding             [Unskilled]
 Weapon Skills
   dagger             [Skilled]
   knife              [Unskilled]
   axe                [Unskilled]
   pick-axe           [Unskilled]
   short sword        [Unskilled]
   broadsword         [Unskilled]
   long sword         [Unskilled]
   two-handed sword   [Unskilled]
   saber              [Unskilled]
   mace               [Unskilled]
   morning star       [Unskilled]
   flail              [Unskilled]
   hammer             [Unskilled]
   quarterstaff       [Unskilled]
   polearms           [Unskilled]
   spear              [Unskilled]
   trident            [Unskilled]
   lance              [Unskilled]
   bow                [Unskilled]
   sling              [Unskilled]
   crossbow           [Unskilled]
   dart               [Basic]
   shuriken           [Unskilled]
   boomerang          [Unskilled]
   whip               [Unskilled]
   unicorn horn       [Unskilled]
 Spellcasting Skills
   divination spells  [Unskilled]
   enchantment spells [Unskilled]
   escape spells      [Unskilled]

Voluntary challenges:
 Character rerolling was not enabled.
 You were an atheist.
 You never genocided any monsters.
 You never polymorphed an object.
 You never changed form.
 You used no wishes.
 You did not violate any of the special Sokoban rules.
Achievements:
 You attained the rank of Sightseer.
 You entered a shop.
 You attained the rank of Excursionist.
 You entered Sokoban.
 You entered the Gnomish Mines.

 The Dungeons of Doom: levels 1 to 13
    Level 1:
    Level 2:
       Some fountains, a sink, many trees.
       Stairs down to The Gnomish Mines.
    Level 3:
    Level 4:
       A general store, a fountain.
    Level 5:
       A general store, a fountain.
    Level 6:
    Level 7:
       Some shops.
    Level 8: "Wishing Shop"
       A general store, an altar, a fountain.
    Level 9:
       Many fountains.
       Oracle of Delphi.
    Level 10:
       Stairs up to Sokoban, level 9.
    Level 11: "RoSA + SB chest"
       Many fountains, a grave.
    Level 12:
       A fountain.
    Level 13:
       An altar to The Lady.
 The Gnomish Mines:
    Level 3: <- You were here.
 Sokoban:
    Level 9:
       Unsolved.


Vanquished creatures:
  2 large mimics
  a warg
  7 small mimics
  a gelatinous cube
  a tengu
 an elf mummy
  4 Grey-elves
  a quivering blob
 an iron piercer
  a giant spider
  a scorpion
  a dwarf mummy
  2 dingoes
  a dwarf leader
  a dust vortex
 an ape
  a human zombie
  7 soldier ants
  5 wood nymphs
  2 mountain nymphs
  a Mordor orc
  2 Uruk-hai
  a pony
  2 fog clouds
  a yellow light
  3 violet fungi
  4 gnome leaders
  2 gnomish wizards
  a paper golem
  2 giant ants
  3 floating eyes
  4 dwarves
 11 hill orcs
  4 rothes
  a centipede
  a giant bat
 an orc zombie
  a wererat
  a werejackal
 an acid blob
  4 coyotes
  2 hobbits
  2 hobgoblins
  2 giant rats
  a cave spider
  a brown mold
  5 red molds
  9 gnomes
  a gnome zombie
  4 geckos
  5 jackals
  2 foxes
  a kobold
  3 goblins
  5 sewer rats
  6 grid bugs
  3 lichens
  a kobold zombie
  7 newts
153 creatures vanquished.

No species were genocided or became extinct.

Aloha CheBegorr4h the Tourist...

You quit in The Gnomish Mines on dungeon level 3 with 9446 points,
and 313 pieces of gold, after 6488 moves.
You were level 8 with a maximum of 72 hit points when you quit.

